 Dungeon Crawl Stone Soup version 0.27-a0-1060-gcb85b5eba1 (webtiles) character file.

Game seed: 7879936267830156360

182 Ijustatesigmund the Skirmisher (level 5, -15/42 HPs)
             Began as a Demonspawn Fighter on Apr 21, 2021.
             Demolished by an ogre
             ... wielding a +0 giant spiked club
              (16 damage)
             ... on level 4 of the Dungeon.
             The game lasted 00:03:33 (2459 turns).

Ijustatesigmund the Skirmisher (Demonspawn Fighter) Turns: 2459, Time: 00:03:34

Health: -15/42     AC:  7    Str: 16    XL:     5   Next: 34%
Magic:  5/5        EV:  8    Int: 10    God:
Gold:   120        SH:  8    Dex: 13    Spells: 4/4 levels left

rFire    . . .     SeeInvis .   a - +0 war axe
rCold    . . .     Faith    .   c - +0 kite shield
rNeg     . . .     Spirit   .   b - +0 scale mail
rPois    .         Reflect  .   (no helmet)
rElec    .         Harm     .   (no cloak)
rCorr    .         Rampage  .   (no gloves)
Will     .....                  f - +0 pair of boots
Stlth    ..........             (no amulet)
HPRegen  0.14/turn              (no ring)
MPRegen  0.09/turn              (no ring)

@: no status effects
A: powered by death 1, spiny 2, sturdy frame 1
a: no special abilities


You were on level 4 of the Dungeon.
You visited 1 branch of the dungeon, and saw 4 of its levels.

You collected 120 gold pieces.

Inventory:

Hand Weapons
 a - a +0 war axe (weapon)
Armour
 b - a +0 scale mail (worn)
 c - a +0 kite shield (worn)
 f - a +0 pair of boots (worn)
Jewellery
 l - a ring of willpower
 n - a ring of flight
Wands
 k - a wand of digging (6)
Scrolls
 g - a scroll of fear {unknown}
 h - a scroll of blinking {unknown}
 m - a scroll of fog {unknown}
 o - a scroll of vulnerability {unknown}
Potions
 d - a potion of might
 i - a potion of flight {unknown}
 j - a potion of haste {unknown}
 p - a potion of lignification {unknown}


   Skills:
 + Level 3.9 Fighting
 * Level 3.8 Axes
 - Level 2.6 Armour
 + Level 2.1 Dodging
 - Level 2.6 Shields


You had 4 spell levels left.
You didn't know any spells.
Your spell library was empty.

Dungeon Overview and Level Annotations

Branches:
Dungeon (4/15)
 Temple: D:4-7

Altars:
Cheibriados
Fedhas
Uskayaw
Yredelemnul


Innate Abilities, Weirdness & Mutations

You regenerate a little health from kills.
You are mostly covered in sharp spines.
Your movements are slightly less encumbered by armour. (ER -2)


Message History

HP restored.
An ogre comes into view. It is wielding a +0 giant spiked club.
The ogre shouts!
Found a stone staircase leading down.
An ogre is nearby!
An ogre is nearby!
The ogre is struck by your spines.
The ogre hits you with a +0 giant spiked club.
Found a scroll labelled MAITZI JASOURPHU and a rapier.
You completely miss the ogre.
The ogre is moderately wounded.
The ogre hits you with a +0 giant spiked club!
You hit the ogre.
The ogre is heavily wounded.
The ogre is struck by your spines.
The ogre hits you with a +0 giant spiked club!!
Ouch! That really hurt!
* * * LOW HITPOINT WARNING * * *
You are too injured to fight recklessly!
You are too injured to fight recklessly!
You are too injured to fight recklessly!
You are too injured to fight recklessly!
It was a potion of heal wounds.
You feel much better.
The ogre hits you with a +0 giant spiked club!
* * * LOW HITPOINT WARNING * * *
You barely miss the ogre.
The ogre is severely wounded.
You block the ogre's attack.
You hit the ogre but do no damage.
The ogre is severely wounded.
The ogre barely misses you.
You feel much better. The ogre is struck by your spines.
The ogre hits you with a +0 giant spiked club!!
Ouch! That really hurt!
* * * LOW HITPOINT WARNING * * *
Okay, then.
You hit the ogre.
The ogre is almost dead.
The ogre hits you with a +0 giant spiked club!
You die...

#.#########...
#.....<.......
####.#..#####.##
#.......# .####
##.......######....
#...........#....##
.......†...........
.#......###.#.##.##
........###@..#
##..........O.#
.>......#..#..#
.#......#.###.....#
#........ #........
#######.# .......?#
#> .#^.....# .. .#
......# . #####.#


You could see an ogre.

Vanquished Creatures
  A centaur (D:3)
  An iguana (D:4)
  An adder (D:3)
  2 dart slugs
  5 ball pythons
  2 bats
  5 endoplasms (D:1)
  5 giant cockroaches
  4 goblins
  2 hobgoblins
  15 jackals
  2 quokkas
  5 frilled lizards
  A kobold (D:2)
  3 rats
54 creatures vanquished.

Vanquished Creatures (others)
  6 fungi (D:3)
  7 plants (D:3)
13 creatures vanquished.

Grand Total: 67 creatures vanquished

Notes
Turn   | Place    | Note
-------+----------+-------------------------------------------
     0 | D:1      | Ijustatesigmund the Demonspawn Fighter began the quest for
                  | the Orb.
     0 | D:1      | Reached XP level 1. HP: 18/18 MP: 1/1
   387 | D:1      | Gained mutation: Your movements are slightly less
                  | encumbered by armour. (ER -2) [demonic ancestry]
   387 | D:1      | Reached XP level 2. HP: 9/24 MP: 2/2
   957 | D:1      | Reached skill level 1 in Dodging
  1017 | D:1      | Gained mutation: You are partially covered in sharp spines.
                  | [demonic ancestry]
  1017 | D:1      | Reached XP level 3. HP: 26/29 MP: 3/3
  1674 | D:2      | Found a basalt altar of Yredelemnul.
  1804 | D:3      | Found a hide-covered altar of Uskayaw.
  1918 | D:3      | Found a blossoming altar of Fedhas.
  2036 | D:3      | Found a faded altar of an unknown god.
  2062 | D:3      | Noticed a centaur
  2064 | D:3      | Killed a centaur
  2065 | D:3      | Gained mutation: You are mostly covered in sharp spines.
                  | [demonic ancestry]
  2065 | D:3      | Reached XP level 4. HP: 37/37 MP: 4/4
  2065 | D:3      | Gained mutation: You regenerate a little health from kills.
                  | [demonic ancestry]
  2065 | D:3      | Reached XP level 5. HP: 42/42 MP: 5/5
  2184 | D:3      | Found a snail-covered altar of Cheibriados.
  2447 | D:4      | Noticed an ogre
  2458 | D:4      | HP: 1/42 [ogre/+0 giant spiked club (30)]
  2459 | D:4      | Demolished by an ogre

Illustrated notes

Levels and vault maps discovered:
D:1:      dpeg_arrival_orchard, layout_loops_cross
D:2:      layout_rooms, basic_altar, minmay_misc_feat_rows, minmay_distorted
D:3:      layout_loops_ring, fedhas_altar_3, lemuel_round_altar,
          lemuel_doored_altar, basic_ecumenical_altar
D:4:      layout_rooms, grunt_temple_overflow_gold_and_silver,
          marbit_many_paths, overflow_temple_1_default,
          minmay_temple_entry_stoned_glass

Skill      XL: |  1  2  3 |
---------------+----------+-----
Axes           | 2 3 |  3.8
Dodging        | 1 2 |  2.1
Fighting       | |  3.9
Armour         | |  2.6
Shields        | |  2.6

Action                   |  1- 3 |  4- 6 || total
-------------------------+-------+-------++-------
Melee: War axe           |   121 |    18 ||   139
  Use: Potion            |       |     2 ||     2
Armor: Scale mail        |    61 |     6 ||    67
Dodge: Dodged            |    31 |     4 ||    35
Block: Kite shield       |    56 |     7 ||    63

Table legend: (Time is in decaauts)
 A = Elapsed time spent in this place.
 B = Non-inter-level travel time spent in this place.
 C = Inter-level travel time spent in this place.
 D = Time resting spent in this place.
 E = Time spent auto-exploring this place.
 F = Levels seen in this place.
 G = Mean time per level.
                   A        B        C        D        E       F      G
               +--------+--------+--------+--------+--------+-----+--------+
         Total |   2542 |   2462 |     80 |    538 |   1539 |   4 |  635.5 |
       Dungeon |   2542 |   2462 |     80 |    538 |   1539 |   4 |  635.5 |
               +--------+--------+--------+--------+--------+-----+--------+

Top non-repeatable levels by time:
     D:1: 1398 daAuts
     D:3: 624 daAuts
     D:2: 424 daAuts
     D:4: 94 daAuts
